 Dungeon Crawl Stone Soup version 0.28.0-43-g3370ac3207 (webtiles) character file.

Game seed: 8520341520041151599

1127 Revguard the Ducker (level 8, -7/60 HPs)
             Began as a Demonspawn Gladiator on Mar 9, 2022.
             Was an Initiate of Ashenzari.
             Engulfed by a cloud of freezing vapour (24 damage)
             ... on level 5 of the Dungeon.
             The game lasted 00:15:45 (5645 turns).

Revguard the Ducker (Demonspawn Gladiator)          Turns: 5645, Time: 00:15:46

Health: -7/60      AC: 11    Str: 14    XL:     8   Next: 13%
Magic:  12/12      EV: 12    Int: 12    God:    Ashenzari [......]
Gold:   326        SH:  0    Dex: 15    Spells: 5/13 levels left

rFire   + . .      SeeInvis +   a - +1 long sword
rCold   . . .      Faith    .   (no shield)
rNeg    . . .      Spirit   .   m - +1 ring mail
rPois   .          Reflect  .   i - +2 helmet
rElec   .          Harm     .   (no cloak)
rCorr   .          Rampage  .   (no gloves)
Will    .....                   (no boots)
Stlth   +.........              (no amulet)
HPRegen 0.20/turn               f - ring of flight
MPRegen 0.13/turn               l - ring of see invisible

@: flying
A: molten scales 1, demonic guardian 1, spiny 1, weakness stinger 1, fire
resistance 1
a: Renounce Religion


You were on level 5 of the Dungeon.
You worshipped Ashenzari.
Ashenzari was noncommittal.
You visited 2 branches of the dungeon, and saw 6 of its levels.

You collected 326 gold pieces.

Inventory:

Hand Weapons
 a - a +1 long sword (weapon)
Missiles
 d - a throwing net (quivered)
Armour
 i - a +2 helmet (worn)
 m - a +1 ring mail (worn)
Jewellery
 f - a ring of flight (left hand)
 l - a ring of see invisible (right hand)
Wands
 n - a wand of polymorph (10)
Scrolls
 c - a scroll of enchant weapon
 h - 4 scrolls of teleportation
 k - 2 scrolls of immolation
Potions
 b - a potion of degeneration
 e - a potion of attraction
 g - a potion of cancellation


   Skills:
 + Level 4.2 Fighting
 + Level 4.3 Long Blades
 - Level 1.7 Throwing
 + Level 3.6 Armour
 + Level 4.4 Dodging
 + Level 3.0 Spellcasting
 + Level 3.1 Hexes
 + Level 1.8 Transmutations


You had 5 spell levels left.
You knew the following spells:

 Your Spells              Type           Power      Damage    Failure   Level
a - Tukima's Dance        Hex            9%         N/A       38%         3
b - Yara's Violent Unrav  Hex/Tmut       3%         3d4       99%         5

Your spell library contained the following spells:

 Spells                   Type           Power      Damage    Failure   Level
 Shock                    Conj/Air       4%         1d3       43%         1
 Portal Projectile        Hex/Tloc       10%        N/A       61%         3
 Swiftness                Air            1%         N/A       82%         3
 Airstrike                Air            0%         N/A       99%         4
 Passage of Golubria      Tloc           1%         N/A       99%         4
 Blade Hands              Tmut           3%         N/A       99%         5
 Excruciating Wounds      Necr           0%         N/A       100%        5
 Freezing Cloud           Conj/Ice/Air   0%         6-21      100%        5
 Simulacrum               Ice/Necr       0%         N/A       100%        6
 Polar Vortex             Ice            0%         N/A       100%        9


Dungeon Overview and Level Annotations

Branches:
Dungeon (5/15)             Temple (1/1) D:5

Altars:
Ashenzari
Dithmenos
Elyvilon
Fedhas
Gozag
Hepliaklqana
Kikubaaqudgha
Makhleb
Nemelex Xobeh
Okawaru
Qazlal
Ru
Sif Muna
Trog
Vehumet
Wu Jian
Xom
Yredelemnul
Zin
The Shining One

Shops:
D:1 =


Innate Abilities, Weirdness & Mutations

You are partially covered in molten scales. (AC +2)
A weak demonic guardian rushes to your aid.
You are partially covered in sharp spines.
You have a small tail.
Your flesh is heat resistant. (rF+)


Message History

Prince Ribbit is almost dead.
Prince Ribbit blinks!
Prince Ribbit blinks!
Prince Ribbit blinks!
Prince Ribbit is struck by your spines.
You kill Prince Ribbit!
Your Spellcasting skill increases to level 3!
Your Hexes skill increases to level 3!
You have reached level 8!
You feel clever.
Your demonic ancestry asserts itself...
Molten scales grow over part of your body.
d - a throwing net HP restored.
Found a scale mail.
Found a stone staircase leading down.
There is a stone staircase leading down here.
A quokka comes into view.
The quokka moves out of view.
You hit the quokka.
You kill the quokka!
You see here a quokka corpse.
You see here a quokka corpse.
You reach down and open the door.
Found a falchion.
There is an open door here.
Partly explored, can't reach some places.
Partly explored, can't reach some places.
You reach down and open the door.
There is an open door here.
Really fly into a travel-excluded area?
Really fly into a travel-excluded area?
You are engulfed in freezing vapours.
You are engulfed in freezing vapours.
Blink to where?
Press: ? - help, Dir - move target
As you read the scroll labelled XAZ XEUMIEZOH, it crumbles to dust.
It was a scroll of blinking.
You are engulfed in freezing vapours.
You are engulfed in freezing vapours.
* * * LOW HITPOINT WARNING * * *
You are engulfed in freezing vapours.
You die...

#...##....#### #.
##.###.#### #. #.###.#
## #.##..#
##....#################
###'###################
##...○○○.○○○.§§§§§§§.##
####################§##
##$$?=/§@§§§§§§○○○☼☼☼##
#######################
#######################


There were no monsters in sight!

Vanquished Creatures
  The ghost of Zippel the Insei, an amateur HuMo (D:3)
  Prince Ribbit (D:5)
  A centaur (D:5)
  2 scorpions
  A water moccasin zombie (D:5)
  A wyvern skeleton (D:5)
  A hound (D:5)
  A centaur skeleton (D:4)
  An orc priest (D:2)
  5 iguanas
  2 orc wizards (D:3)
  A hound zombie (D:5)
  A howler monkey zombie (D:5)
  An adder (D:5)
  3 gnolls (D:2)
  3 adder skeletons (D:4)
  4 worms
  2 dart slugs
  7 orcs
  6 ball pythons
  5 endoplasms
  A giant cockroach (D:1)
  5 goblins
  6 hobgoblins
  5 jackals
  6 quokkas
  5 bats
  A frilled lizard (D:1)
  10 kobolds
  8 rats
97 creatures vanquished.

Vanquished Creatures (others)
  7 fungi (D:3)
  6 toadstools (D:3)
13 creatures vanquished.

Grand Total: 110 creatures vanquished

Notes
Turn   | Place    | Note
-------+----------+-------------------------------------------
     0 | D:1      | Revguard the Demonspawn Gladiator began the quest for the
                  | Orb.
     0 | D:1      | Reached XP level 1. HP: 16/16 MP: 1/1
   479 | D:1      | Gained mutation: You are partially covered in sharp spines.
                  | [demonic ancestry]
   479 | D:1      | Reached XP level 2. HP: 22/22 MP: 2/2
   479 | D:1      | Found Vamirph's Jewellery Boutique.
   675 | D:1      | Reached skill level 1 in Armour
   796 | D:1      | Found a faded altar of an unknown god.
   998 | D:2      | Reached XP level 3. HP: 12/28 MP: 3/3
  1557 | D:2      | Learned a level 3 spell: Tukima's Dance
  1646 | D:2      | Reached XP level 4. HP: 34/34 MP: 4/4
  1690 | D:2      | Found a shimmering altar of Xom.
  2405 | D:2      | Reached skill level 1 in Spellcasting
  2646 | D:3      | Reached skill level 1 in Hexes
  2646 | D:3      | Gained mutation: A weak demonic guardian rushes to your
                  | aid. [demonic ancestry]
  2646 | D:3      | Reached XP level 5. HP: 33/40 MP: 6/6
  2733 | D:3      | Noticed Zippel's ghost (amateur HuMo)
  2770 | D:3      | Found a runed translucent door.
  3342 | D:3      | Gained mutation: Your spells are a little harder to cast,
                  | but a little more powerful. [potion of mutation]
  3343 | D:3      | Lost mutation: Your spells are a little harder to cast, but
                  | a little more powerful. [potion of mutation]
  3343 | D:3      | Gained mutation: Your flesh is heat resistant. (rF+)
                  | [potion of mutation]
  3357 | D:3      | Killed Zippel's ghost
  3358 | D:3      | Reached XP level 6. HP: 27/47 MP: 6/8
  3519 | D:4      | Learned a level 5 spell: Yara's Violent Unravelling
  3889 | D:4      | Gained mutation: You have a small tail. [demonic ancestry]
  3889 | D:4      | Reached XP level 7. HP: 40/52 MP: 10/10
  4263 | D:5      | Entered Level 5 of the Dungeon
  4485 | D:5      | Reached skill level 1 in Transmutations
  4773 | D:5      | Found a staircase to the Ecumenical Temple.
  4839 | Temple   | Entered the Ecumenical Temple
  5139 | Temple   | Became a worshipper of Ashenzari the Shackled
  5334 | D:5      | Noticed Prince Ribbit
  5350 | D:5      | Killed Prince Ribbit
  5351 | D:5      | Gained mutation: You are partially covered in molten
                  | scales. (AC +2) [demonic ancestry]
  5351 | D:5      | Reached XP level 8. HP: 19/60 MP: 12/12
  5645 | D:5      | Engulfed by a cloud of freezing vapour

Illustrated notes

Levels and vault maps discovered:
D:1:      enne_arrival_octagon_isle, layout_loops_ring,
          ebering_ecumenical_altar_ruins, serial_shops,
          nicolae_shop_hallway_plus
D:2:      layout_basic, basic_altar
D:3:      minmay_door_path, layout_rooms, hellmonk_ghost_happy_afterlife,
          grunt_ministairs_12, minmay_gold_behind_fungi
D:4:      layout_loops_ring
D:5:      lemuel_ice_spiral_2, layout_basic, minmay_temple_entry_glass,
          uniq_prince_ribbit1
Temple:   mainiacjoe_temple_cubbyholes

Skill      XL: |  1  2  3  4  5  6  7 |
---------------+----------------------+-----
Armour         | 1 2 3 |  3.6
Dodging        | 3 4 |  4.4
Long Blades    | 3 4 |  4.3
Spellcasting   | 1 2 3 |  3.0
Hexes          | 1 2 3 |  3.1
Fighting       | 3 4 |  4.2
Transmutations | 1 |  1.8
Throwing       | |  1.7

Action                   |  1- 3 |  4- 6 |  7- 9 || total
-------------------------+-------+-------+-------++-------
Melee: Long sword        |    75 |   114 |    62 ||   251
       Punch             |     4 |     1 |     2 ||     7
       Tailslap          |       |       |    12 ||    12
Throw: Throwing net      |     5 |       |     1 ||     6
  Use: Scroll            |     4 |     5 |     5 ||    14
       Potion            |     1 |     5 |     1 ||     7
 Stab: Held in net/web   |     2 |       |       ||     2
       Sleeping          |     1 |       |       ||     1
Armor: Leather armour    |    23 |    22 |       ||    45
       Ring mail         |       |    17 |    28 ||    45
Dodge: Dodged            |    58 |    74 |    39 ||   171
